 Dungeon Crawl Stone Soup version 0.30.1-9-gdf580d7c3d (webtiles) character file.

Game seed: 10484051866239065591

186 bearlyready the Chopper (level 5, -2/42 HPs)
             Began as a Hill Orc Reaver on Oct 22, 2023.
             Was a Follower of Okawaru.
             Succumbed to Ijyb's poison
             ... on level 4 of the Dungeon.
             The game lasted 00:06:02 (3104 turns).

bearlyready the Chopper (Hill Orc Reaver)           Turns: 3104, Time: 00:06:02

Health: -2/42      AC:  6    Str: 17    XL:     5   Next: 66%
Magic:  7/7        EV: 10    Int: 13    God:    Okawaru [*.....]
Gold:   194        SH:  0    Dex:  9    Spells: 6/7 levels left

rFire   . . .        a - +0 hand axe
rCold   . . .        (no shield)
rNeg    . . .        l - +0 ring mail
rPois   .            (no helmet)
rElec   .            r - +0 cloak
rCorr   .            (no gloves)
SInv    .            (no boots)
Will    .....        (no amulet) Stlth
                     i - ring of flight
HPRegen 0.27/turn    (no ring)
MPRegen 0.10/turn

%: no passive effects
@: brilliant, lethally poisoned (-2 -> -33), attractive, flying
A: no striking features
a: Renounce Religion, Heroism


You were on level 4 of the Dungeon.
You worshipped Okawaru.
Okawaru was aware of your devotion.
You visited 1 branch of the dungeon, and saw 4 of its levels.

You collected 194 gold pieces.

Inventory:

Hand Weapons
 a - a +0 hand axe (weapon)
 e - a +1 short sword of protection
Missiles
 c - 4 datura-tipped darts
Armour
 l - a +0 ring mail (worn)
 r - a +0 cloak (worn)
Jewellery
 h - a ring of ice
 i - a ring of flight (left hand)
 q - the ring of Peaweamn {rF+ rN+ Stlth+}
   (You took it off an orc on level 3 of the Dungeon)

   [ring of positive energy]

   rF:        It protects you from fire.
   rN:        It protects you from negative energy.
   Stlth:     It makes you more stealthy.
Scrolls
 f - 3 scrolls of identify {unknown}
 j - 2 scrolls of immolation {unknown}
 k - 3 scrolls of acquirement {unknown}
 m - a scroll of fog {unknown}
 n - a scroll of brand weapon {unknown}
 p - a scroll of fear {unknown}
Potions
 d - a potion of flight
 o - 2 potions of attraction


   Skills:
 - Level 2.4 Fighting
 + Level 7.0 Axes
 - Level 1.5 Dodging
 - Level 1.5 Spellcasting
 - Level 3.0 Conjurations
 + Level 3.7 Invocations


You had 6 spell levels left.
You knew the following spells:

 Your Spells              Type           Power      Damage    Failure   Level
a - Kiss of Death         Conj/Necr      28%        2d7       26%         1

Your spell library contained the following spells:

 Spells                   Type           Power      Damage    Failure   Level
 Momentum Strike          Conj/Tloc      14%        3d8       38%         2
 Freeze                   Ice            4%         1d3       45%         1
 Hailstorm                Conj/Ice       7%         3d4       63%         3
 Frozen Ramparts          Ice            2%         1d1       83%         3


Dungeon Overview and Level Annotations

Branches:
Dungeon (4/15)
 Temple: D:4-7

Altars:
Cheibriados
Okawaru

Annotations:
D:4 Ijyb


Message History

You kill the endoplasm!
Okawaru accepts your kill.
You hear a zap.
A bolt of acid appears from out of thin air!
The bolt of acid hits you!
A kobold is nearby!
You are too injured to fight recklessly!
You are too injured to fight recklessly!
A kobold is nearby!
You are too injured to fight recklessly!
Something hits you.
You are poisoned.
The kobold hits you but does no damage.
You hit the kobold.
You kill the kobold!
Okawaru accepts your kill.
You miss something.
You feel very sick. Something hits you but does no damage.
You are more poisoned.
Found a scroll labelled RAJUMI CERECK.
You feel very sick. Something hits you but does no damage.
You are lethally poisoned!
Things that are here:
a +0 short sword; a kobold corpse It was a potion of attraction.
You feel attractive to monsters.
You feel very sick. Something hits you but does no damage.
You are more poisoned.
It was a potion of brilliance.
You feel clever all of a sudden.
* * * LOW HITPOINT WARNING * * *
You feel very sick. Something hits you.
* * * LOW HITPOINT WARNING * * *
You are more poisoned.
It was a potion of magic.
Magic courses through your body.
You die...

##?.......#
#.........##.
#............ #########
#......?...# #.......#
#..........# #.......##
#..........# #........#
#.........##
.........####..{@......#
..........##...........#
......<...#............#
.............#.........#
............###........#
...........## #........#
###........# ##.......#
####.....# #......##
###.### ....###


There were no monsters in sight!

Vanquished Creatures
  An orc priest (D:2)
  An iron imp (D:3)
  4 adders
  A worm (D:2)
  4 dart slugs
  5 orcs
  9 endoplasms
  3 giant cockroaches (D:1)
  6 goblins
  5 hobgoblins
  4 jackals (D:1)
  A quokka (D:3)
  5 ball pythons
  10 bats
  2 frilled lizards
  11 kobolds
  4 rats
76 creatures vanquished.

Vanquished Creatures (others)
  A frilled lizard (D:3)
1 creature vanquished.

Grand Total: 77 creatures vanquished

Notes
Turn   | Place    | Note
-------+----------+-------------------------------------------
     0 | D:1      | bearlyready the Hill Orc Reaver began the quest for the
                  | Orb.
     0 | D:1      | Reached XP level 1. HP: 18/18 MP: 3/3
   125 | D:1      | Reached XP level 2. HP: 23/25 MP: 4/4
   203 | D:1      | Reached skill level 5 in Axes
   376 | D:1      | Reached XP level 3. HP: 30/30 MP: 5/5
   553 | D:1      | Found a faded altar of an unknown god.
   567 | D:1      | Prayed at the altar of an unknown god.
   567 | D:1      | Became a worshipper of Warmaster Okawaru
   567 | D:1      | Reached * piety under Okawaru
   910 | D:2      | Reached skill level 1 in Invocations
  1078 | D:2      | Reached skill level 6 in Axes
  1078 | D:2      | Reached XP level 4. HP: 26/37 MP: 6/6
  2086 | D:2      | Reached XP level 5. HP: 3/42 MP: 7/7
  2576 | D:3      | Found a snail-covered altar of Cheibriados.
  2789 | D:3      | Reached skill level 7 in Axes
  2983 | D:3      | Identified the ring of Peaweamn {rF+ rN+ Stlth+}
  3091 | D:4      | Noticed Ijyb
  3104 | D:4      | Succumbed to Ijyb's poison

Illustrated notes

Levels and vault maps discovered:
D:1:      dpeg_arrival_rooms_c, layout_loops_cross, ebering_ecumenical_altar_box
D:2:      layout_loops_ring, serial_co_window_serial, co_window_corner_a,
          co_window_paths_a, co_window_cross_1, co_window_cross_1,
          co_window_paths_a, co_window_of_opportunity_c,
          co_window_unsneaky_path_c, co_window_corner_ca
D:3:      layout_basic, slow_altar_2, minivault_5, grunt_ministairs_1
D:4:      minmay_wonky_spiral, layout_cave_pods,
          mainiacjoe_overflow_cross_hatched, lightli_temple_of_fire,
          minmay_misc_feat_doors, uniq_ijyb, uniq_eustachio

Skill      XL: |  1  2  3  4  5 |
---------------+----------------+-----
Axes           | 5 6 7 |  7.0
Invocations    | 1 3 |  3.7
Fighting       | |  2.4
Dodging        | |  1.5
Spellcasting   | |  1.5
Conjurations   | |  3.0

Action                     |  1- 3 |  4- 6 || total
---------------------------+-------+-------++-------
  Melee: Hand axe          |   155 |   146 ||   301
         Punch             |     1 |       ||     1
    Use: Potion            |       |     4 ||     4
 Armour: Leather armour    |    50 |     7 ||    57
         Ring mail         |       |    29 ||    29
  Dodge: Dodged            |   101 |    83 ||   184
